 Dungeon Crawl Stone Soup version 0.31-a0-182-gc5ef74bbde (webtiles) character file.

Game seed: 16912347391985728404

336 ketsa the Digger (level 6, -8/43 HPs)
             Began as a Vampire Earth Elementalist on June 21, 2023.
             Was a Believer of Makhleb.
             Killed by divine providence
             ... invoked by an orc priest
              (13 damage)
             ... on level 4 of the Dungeon.
             The game lasted 00:09:14 (3899 turns).

ketsa the Digger (Vampire Earth Elementalist)       Turns: 3899, Time: 00:09:14

Health: -8/43      AC:  3    Str:  7    XL:     6   Next: 28%
Magic:  7/11       EV: 13    Int: 19    God:    Makhleb [**....]
Gold:   140        SH:  5    Dex: 15    Spells: 11/12 levels left

rFire   . . .        (no weapon)
rCold   . . .        (no shield)
rNeg    + . .        a - +0 robe
rPois   .            b - +0 helmet
rElec   .            (no cloak)
rCorr   .            (no gloves)
SInv    +            (no boots)
Will    .....        d - amulet of reflection
Stlth   ++           i - ring of positive energy
HPRegen 0.47/turn    (no ring)
MPRegen 0.12/turn

%: reflection
@: very slightly contaminated, healing quickly, unable to drink
A: alive, fangs 3, see invisible, vampiric 2, inability to drink after injury 1
a: Exsanguinate, Renounce Religion, Minor Destruction


You were on level 4 of the Dungeon.
You worshipped Makhleb.
Makhleb was pleased with you.
You visited 1 branch of the dungeon, and saw 4 of its levels.

You collected 140 gold pieces.

Inventory:

Missiles
 n - 3 poisoned darts (quivered)
Armour
 a - a +0 robe (worn)
 b - a +0 helmet (worn)
 e - a +0 leather armour
 h - a +3 leather armour
Jewellery
 d - an amulet of reflection (around neck)
 i - a ring of positive energy (left hand)
 m - a +4 ring of slaying
Scrolls
 f - a scroll of fog {unknown}
 j - a scroll of vulnerability {unknown}
 k - a scroll of blinking {unknown}
Potions
 c - a potion of attraction {unknown}
 l - a potion of mutation


   Skills:
 + Level 1.2 Fighting
 + Level 3.0 Dodging
 - Level 3.0 Stealth
 + Level 3.6 Spellcasting
 + Level 3.6 Transmutations
 + Level 4.5 Earth Magic


You had 11 spell levels left.
You knew the following spells:

 Your Spells              Type           Power      Damage    Failure   Level
a - Sandblast             Erth           40%        2d10      2%          1

Your spell library contained the following spells:

 Spells                   Type           Power      Damage    Failure   Level
 Beastly Appendage        Tmut           34%        N/A       3%          1
 Passwall                 Tmut/Erth      15%        N/A       4%          2
 Wereblood                Tmut           17%        N/A       4%          2
 Apportation              Tloc           6%         N/A       14%         1
 Necrotise                Necr           12%        1d4       14%         1
 Summon Small Mammal      Summ           12%        N/A       14%         1
 Stone Arrow              Conj/Erth      24%        3d8       17%         3
 Spider Form              Tmut/Pois      10%        N/A       21%         3
 Petrify                  Tmut/Erth      19%        N/A       26%         4
 Gell's Gravitas          Tloc           3%         N/A       41%         3
 Teleport Other           Tloc           3%         N/A       41%         3
 Vampiric Draining        Necr           3%         2d6       41%         3
 Agony                    Necr           3%         N/A       99%         5
 Dispersal                Tloc           1%         N/A       100%        6


Dungeon Overview and Level Annotations

Branches:
Dungeon (4/15)             Temple (0/1) D:4

Altars:
Makhleb
Sif Muna

Annotations:
D:4 Blork the orc


Innate Abilities, Weirdness & Mutations

Your natural rate of healing is accelerated.
You have razor-sharp teeth.
You have supernaturally acute eyesight. (SInv)
You are afflicted with vampirism and can become a bat while bloodless.
You occasionally lose the ability to drink potions when taking damage.


Message History

Aiming: Sandblast (safe; 2% risk of failure)
Press: ? - help, Shift-Dir - straight line, f/p - Blork the orc
Aim: Blork the orc, wielding a +0 glaive and wearing a +0 robe (severely wounded, poisoned, 85% to hit)
You miscast Sandblast.
You are very lightly contaminated with residual magic.
Nothing appears to happen.
Blork the orc gestures at you while chanting.
The magic dart hits you.
Casting: Sandblast (safe; 2% risk of failure)
Confirm with . or Enter, or press ? or * to list all spells.
Aiming: Sandblast (safe; 2% risk of failure)
Press: ? - help, Shift-Dir - straight line, f/p - Blork the orc
Aim: Blork the orc, wielding a +0 glaive and wearing a +0 robe (severely wounded, poisoned, 85% to hit)
The blast of sand hits Blork the orc!
Blork the orc is almost dead.
The orc priest mumbles some strange prayers to Beogh against you.
Beogh smites you!
Blork the orc looks angry.
Blork the orc hits you from afar with a +0 glaive!
You feel threatened and lose the ability to drink potions!
* * * LOW HITPOINT WARNING * * *
Casting: Sandblast (safe; 2% risk of failure)
Confirm with . or Enter, or press ? or * to list all spells.
Aiming: Sandblast (safe; 2% risk of failure)
Press: ? - help, Shift-Dir - straight line, f/p - Blork the orc
Aim: Blork the orc, wielding a +0 glaive and wearing a +0 robe (almost dead, poisoned, 85% to hit)
You miscast Sandblast.
Nothing appears to happen.
You can drink potions again.
Blork the orc barely misses you.
Okay, then.
Blork the orc looks more healthy.
The orc priest calls upon Beogh to heal Blork the orc.
Blork the orc is healed somewhat.
Things that are here:
a +0 sling; a +0 club The orc priest looks braver for a moment.
The orc priest invokes the aid of Beogh against you.
Beogh smites you!
You feel threatened and lose the ability to drink potions!
You die...

#.....# #....<#
###.### #.#
#####.# #.....#
####...###
+.......#
####@..## #..##
#.## #o# #+# #.#
#.########)# ###
#.(.(.o..o.#
..####.##########
#.##......#


You could see Blork the orc and an orc priest.

Vanquished Creatures
  2 orc priests
  A jelly (D:3)
  Jessica (D:2)
  Terence (D:3)
  Natasha (thrice) (D:3)
  Robin (D:2)
  3 gnolls (D:2)
  An adder (D:2)
  A worm (D:2)
  6 orcs
  5 endoplasms
  2 giant cockroaches
  11 goblins
  5 hobgoblins
  A kobold (D:1)
  6 quokkas
  8 ball pythons
  5 bats
  2 frilled lizards
  4 rats (D:1)
69 creatures vanquished.

Notes
Turn   | Place    | Note
-------+----------+-------------------------------------------
     0 | D:1      | ketsa the Vampire Earth Elementalist began the quest for
                  | the Orb.
     0 | D:1      | Reached XP level 1. HP: 13/13 MP: 3/3
   432 | D:1      | Reached XP level 2. HP: 19/19 MP: 3/5
   572 | D:1      | Found a faded altar of an unknown god.
  1171 | D:1      | Prayed at the altar of an unknown god.
  1171 | D:1      | Became a worshipper of Makhleb the Destroyer
  1171 | D:1      | Reached * piety under Makhleb
  1317 | D:2      | Found a shimmering blue altar of Sif Muna.
  1353 | D:2      | Gained mutation: You are afflicted with vampirism and can
                  | become a bat while bloodless. [Vampire growth]
  1353 | D:2      | Reached XP level 3. HP: 24/24 MP: 4/6
  1799 | D:2      | Reached XP level 4. HP: 27/30 MP: 1/8
  2539 | D:2      | Noticed Jessica
  2541 | D:2      | Killed Jessica
  2542 | D:2      | Reached skill level 4 in Earth Magic
  2542 | D:2      | Reached XP level 5. HP: 35/35 MP: 7/9
  2809 | D:3      | Noticed Terence
  2823 | D:3      | Gained mutation: You occasionally lose the ability to drink
                  | potions when taking damage. [potion of mutation]
  2831 | D:3      | Killed Terence
  2986 | D:3      | Noticed Robin
  3005 | D:2      | Reached ** piety under Makhleb
  3062 | D:3      | Noticed Natasha
  3070 | D:3      | Killed Natasha
  3265 | D:2      | Killed Robin
  3306 | D:3      | Reached skill level 1 in Fighting
  3325 | D:3      | Noticed Natasha
  3330 | D:3      | Killed Natasha
  3331 | D:3      | Reached XP level 6. HP: 43/43 MP: 6/11
  3636 | D:3      | Noticed Natasha
  3642 | D:3      | Killed Natasha
  3868 | D:4      | Found a staircase to the Ecumenical Temple.
  3869 | D:4      | Noticed Blork the orc
  3870 | D:4      | Identified the +2 hand axe of the Pariah {vamp, rC+}
  3892 | D:4      | HP: 2/43 [Blork the orc/+0 glaive (15)]
  3899 | D:4      | Killed from afar by an orc priest

Illustrated notes

Levels and vault maps discovered:
D:1:      heliophobic_arrival_ceremonial_halls, layout_basic,
          hellmonk_ecumenical_altar_pennies_from_heaven, roderic_lattice_a
D:2:      cheibrodos_pilgrimage, layout_loops_corners, basic_altar, uniq_jessica
D:3:      layout_basic, serial_bayou_crossing, uniq_terence, uniq_robin,
          uniq_natasha
D:4:      layout_loops_corners, minmay_temple_entry_overgrown, serial_shops,
          nicolae_shop_behind_doors, uniq_crazy_yiuf_cottage, uniq_blork_the_orc

Skill      XL: |  1  2  3  4  5  6 |
---------------+-------------------+-----
Transmutations | 2 3 |  3.6
Spellcasting   | 3 |  3.6
Earth Magic    | 4 |  4.5
Fighting       | 1 |  1.2
Dodging        | 3 |  3.0
Stealth        | |  3.0

Action                     |  1- 3 |  4- 6 || total
---------------------------+-------+-------++-------
  Melee: Unarmed           |       |     2 ||     2
  Throw: Dart              |       |     2 ||     2
   Cast: Sandblast         |    58 |    80 ||   138
    Use: Potion            |       |     4 ||     4
 Armour: Robe              |     1 |     4 ||     5
  Dodge: Dodged            |    24 |    30 ||    54
  Block: Other             |     6 |    16 ||    22
         Reflection        |       |     1 ||     1

Table legend: (Time is in decaauts)
 A = Elapsed time spent in this place.
 B = Non-inter-level travel time spent in this place.
 C = Inter-level travel time spent in this place.
 D = Time resting spent in this place.
 E = Time spent auto-exploring this place.
 F = Levels seen in this place.
 G = Mean time per level.
                   A        B        C        D        E       F      G
               +--------+--------+--------+--------+--------+-----+--------+
         Total |   3978 |   3584 |    394 |    770 |   2070 |   4 |  994.5 |
       Dungeon |   3978 |   3584 |    394 |    770 |   2070 |   4 |  994.5 |
               +--------+--------+--------+--------+--------+-----+--------+

Top non-repeatable levels by time:
     D:2: 1553 daAuts
     D:1: 1443 daAuts
     D:3: 913 daAuts
     D:4: 67 daAuts
